AoeStats
← Josmi-Ga'lock

Oasis

509761835Analyzed
2v2 RM · 6d ago on Sep 27, 2026· 67m 9s· 4 players
Game mode
Random Map
Map size
Medium (4 player)
Population
200
Speed
Normal
Resources
Standard
Victory
Conquest
Starting age
Dark Age
Ending age
Imperial Age
RankedLock teamsTeams togetherTeam positionsShared explorationLock speedFull tech treeHidden civsTurbo modeCheats
Victory
Defeat
🇻🇪 Dravidians · Venezuela
984
+15
🇦🇷 Saxons · Argentina
943
+17
🇵🇹 Mapuche · Portugal
985
-17
🇵🇹 Japanese · Portugal
945
-15
Abyssus
2:09 Loom
11:53 Feudal Age
12:21 Horse Collar
12:33 Double-Bit Axe
21:21 Castle Age
20:43 Stone Mining
21:36 Gold Mining
22:35 Wheelbarrow
22:49 Bow Saw
23:48 Heavy Plow
24:49 Town Watch
25:15 Fletching
28:52 Hand Cart
29:03 Thumb Ring
29:05 Bodkin Arrow
32:58 Imperial Age
31:03 Caravan
31:45 Padded Archer Armor
32:12 Ballistics
32:04 Medical Corps
32:26 Elite Skirmisher
33:32 Thumb Ring
35:08 Hoardings
35:42 Chemistry
36:56 Bracer
36:34 Heavy Scorpion
38:46 Two-Man Saw
40:32 Elite Elephant Archer
46:31 Conscription
48:46 Leather Archer Armor
49:15 Guilds
49:36 Coinage
51:29 Husbandry
50:58 Light Cavalry
52:18 Scale Barding Armor
52:24 Forging
53:02 Ring Archer Armor
53:03 Wootz Steel
55:16 Chain Barding Armor
55:32 Iron Casting
55:07 Siege Elephant
57:56 Banking
60:03 Blast Furnace
Josmi-Ga'lock
0:27 Loom
8:49 Feudal Age
9:16 Town Watch
15:37 Double-Bit Axe
19:41 Castle Age
19:17 Stone Mining
27:51 Fortified Wall
28:24 Bow Saw
27:42 Pikeman
28:22 Squires
29:37 Horse Collar
32:07 Ballistics
34:18 Imperial Age
32:55 Scale Mail Armor
33:05 Forging
33:25 Gold Mining
33:24 Treadmill Crane
33:56 Masonry
34:59 Gold Shaft Mining
34:15 Arson
35:33 Conscription
35:20 Halberdier
35:58 Fletching
37:04 Chain Mail Armor
39:54 Shield Wall
41:24 Wheelbarrow
43:18 Bodkin Arrow
45:00 Two-Man Saw
44:06 Elite Varangian Guard
46:02 Iron Casting
46:34 Heavy Plow
47:57 Caravan
49:20 Elite Skirmisher
51:32 Padded Archer Armor
54:10 Leather Archer Armor
56:06 Thumb Ring
59:31 Crop Rotation
64:23 Plate Mail Armor
64:25 Ring Archer Armor
65:37 Chemistry
65:08 Architecture
65:01 Bracer
65:57 Hand Cart
66:09 Gambesons
D. Luís XLII
6:57 Loom
9:45 Feudal Age
12:32 Double-Bit Axe
15:51 Horse Collar
21:52 Castle Age
20:10 Fletching
20:40 Forging
22:25 Wheelbarrow
23:07 Crossbowman
24:10 Bow Saw
24:45 Town Watch
28:11 Heavy Plow
30:11 Scale Mail Armor
31:36 Iron Casting
37:56 Imperial Age
35:15 Pikeman
35:59 Padded Archer Armor
36:26 Chain Mail Armor
37:12 Elite Skirmisher
39:01 Conscription
38:26 Capped Ram
41:04 Blast Furnace
40:34 Plate Mail Armor
40:07 Padded Archer Armor
40:39 Halberdier
42:31 Kataparuto
42:37 Bodkin Arrow
44:51 Onager
46:28 Bracer
52:25 Fortified Wall
D. Pires IV
1:00 Loom
11:17 Feudal Age
11:55 Double-Bit Axe
15:19 Wheelbarrow
18:53 Castle Age
18:16 Fletching
18:38 Forging
19:54 Bow Saw
19:42 Bodkin Arrow
21:28 Horse Collar
23:23 Elite Skirmisher
25:40 Gold Mining
27:09 Pikeman
28:38 Iron Casting
28:03 Scale Mail Armor
28:07 Padded Archer Armor
28:07 Scale Mail Armor
28:37 Padded Archer Armor
33:11 Imperial Age
31:14 Leather Archer Armor
31:31 Scale Mail Armor
35:03 Iron Casting
34:44 Chain Mail Armor
35:00 Ring Archer Armor
34:30 Capped Ram
36:10 Conscription
41:35 Malon
46:37 Blast Furnace
46:07 Plate Mail Armor
46:36 Ballistics
54:24 Hand Cart
53:54 Town Watch
54:18 Heavy Plow
54:45 Halberdier
56:50 Plate Mail Armor
59:14 Hoardings
58:50 Butalmapu
59:02 Elite Bolas Rider
Connection lost

Rejoining the realm…

Still unreachable

The connection could not be restored.

Session expired

The server has moved on; the page needs a fresh start.